 Dungeon Crawl Stone Soup version 0.14-a0-2964-g8dc6adb (webtiles) character file.

766 4tharraofdagon the Basher (level 7, -7/76 HPs)
             Began as an Ogre Berserker on Mar 5, 2014.
             Was a Believer of Trog.
             Mangled by a goliath beetle (28 damage)
             ... on Level 6 of the Dungeon.
             The game lasted 00:04:51 (838 turns).

4tharraofdagon the Basher (Ogre Berserker)           Turns: 838, Time: 00:04:51

HP  -7/76        AC  3     Str 25      XL: 7   Next: 52%
MP   8/9         EV 10     Int  6      God: Trog [**....]
Gold 120         SH  0     Dex  9      Spells:  0 memorised,  6 levels left

rFire  . . .     SeeInvis .     o - +0 morningstar
rCold  . . .     Clarity  .     b - +0 animal skin
rNeg   . . .     Conserve .     (shield restricted)
rPois  .         rCorr    .     (helmet restricted)
rElec  .         rRot     .     (no cloak)
SustAb . .       Spirit   .     (gloves unavailable)
rMut   .         Warding  .     (boots unavailable)
Saprov + . .     Stasis   .     (no amulet)
MR     .....                    (no ring)
                                (no ring)

@: exhausted, mildly poisoned, slowed, very slow, not resistant to hostile
enchantments, very unstealthy
A: unfitting armour, fast metabolism 1, saprovore 1, tough skin 1
a: Burn Spellbooks, Berserk, Trog's Hand, Renounce Religion


You were on level 6 of the Dungeon.
You worshipped Trog.
Trog was pleased with you.
You were not hungry.

You visited 1 branch of the dungeon, and saw 6 of its levels.

You collected 120 gold pieces.

Inventory:

Hand weapons
 a - a +0,+0 mace
 g - a cursed +1,+3 great sword
 h - a +0,+0 morningstar
 k - a cursed -1,-2 giant club
 o - a +0,+0 morningstar (weapon)
Armour
 b - a +0 animal skin (worn)
Magical devices
 l - a wand of digging (17)
Comestibles
 c - 4 meat rations
 d - a bread ration
Scrolls
 m - a scroll of enchant armour {unknown}
 n - a scroll of fear {unknown}
 p - a scroll of immolation {unknown}
Potions
 e - a potion of brilliance {unknown}
 f - 4 potions of poison
 i - 2 potions of curing
Books
 j - a book of Geomancy

   Spells                             Type                      Level
   Sandblast                          Earth                        1
   Stoneskin                          Transmutation/Earth          2
   Passwall                           Transmutation/Earth          3
   Stone Arrow                        Conjuration/Earth            3
   Petrify                            Transmutation/Earth          4
   Lee's Rapid Deconstruction         Earth                        5
   Trog disapproves of the use of such an item.


   Skills:
 + Level 6.9 Fighting
 * Level 9.1 Maces & Flails
 - Level 2.9 Dodging
 + Level 1.7 Evocations


You had 6 spell levels left.
You didn't know any spells.

Dungeon Overview and Level Annotations

Branches:
Dungeon (6/16)
 Temple: D:4-7

Altars:


Innate Abilities, Weirdness & Mutations

You are too large for most types of armour.
You have a fast metabolism.
You can tolerate rotten meat.
You have tough skin (AC +1).


Message History

You are poisoned.
The adder poisons you!
You are too injured to fight recklessly!
You are too injured to fight recklessly!
You are too injured to fight recklessly!
You are too injured to fight recklessly!
You closely miss the adder. The adder bites you but does no damage.
The adder closely misses you. The adder bites you.
* * * LOW HITPOINT WARNING * * *
You thump the adder!
You kill the adder!
Trog accepts your kill. The goliath beetle closely misses you.
You see here an adder corpse.
Unknown command.
You offer a prayer to Trog.
The adder corpse is consumed in a column of flame.
Trog is pleased with you. The goliath beetle bites you!
You die...

.......# #.#
#.###.....# ....<..#
#.# #.# #.....#
.......# #.# #.#
#.....# .......# #.#
#.# ####..# #.######
###.# #.# #..# #.#
#...# #.# #..# #.#
#...###.######..# #.#
#...............#
#####...###@#######.#
.............B.......#
###########.#......##
#.#......# #.#.....[#
...S.....# ..#......#
...#......# ...#......


You could see a goliath beetle.

Vanquished Creatures
  A sky beast (D:6)
  An ice beast (D:6)
  An ogre (D:4)
  The ghost of Badjas the Firebug, an average NaFE (D:4)
  A goliath beetle (D:6)
  4 wights (D:4)
  A crimson imp (D:6)
  A scorpion (D:6)
  3 adders
  A giant mite (D:4)
  An adder zombie (D:6)
  An ooze (D:6)
  4 bats
  A bat skeleton (D:4)
  3 hobgoblins
  A ball python (D:3)
  2 giant newts
  A goblin (D:1)
  A jackal skeleton (D:4)
  A kobold (D:4)
  2 rats
33 creatures vanquished.

Notes
Turn   | Place    | Note
--------------------------------------------------------------
     0 | D:1      | 4tharraofdagon, the Ogre Berserker, began the quest for the Orb.
     0 | D:1      | Reached XP level 1. HP: 24/24 MP: 1/1
   169 | D:4      | Noticed a wight
   171 | D:4      | Noticed a wight
   186 | D:4      | Killed a wight
   186 | D:4      | Reached skill level 5 in Maces & Flails
   186 | D:4      | Reached XP level 2. HP: 33/33 MP: 2/2
   186 | D:4      | Reached XP level 3. HP: 40/40 MP: 3/3
   191 | D:4      | Killed a wight
   191 | D:4      | Reached skill level 5 in Fighting
   191 | D:4      | Reached skill level 6 in Maces & Flails
   191 | D:4      | Reached XP level 4. HP: 50/50 MP: 4/4
   232 | D:4      | Noticed a wight
   235 | D:4      | Noticed a wight
   246 | D:4      | Killed a wight
   246 | D:4      | Reached XP level 5. HP: 57/57 MP: 5/5
   253 | D:4      | Killed a wight
   332 | D:3      | Reached skill level 7 in Maces & Flails
   414 | D:4      | Noticed Badjas' ghost (average NaFE)
   426 | D:4      | Killed Badjas' ghost
   426 | D:4      | Reached XP level 6. HP: 62/67 MP: 6/6
   488 | D:4      | Noticed an ogre
   500 | D:4      | Killed an ogre
   500 | D:4      | Reached skill level 8 in Maces & Flails
   635 | D:5      | Entered Level 5 of the Dungeon
   711 | D:6      | Acquired Trog's second power
   711 | D:6      | Reached skill level 1 in Evocations
   711 | D:6      | Reached XP level 7. HP: 55/76 MP: 6/8
   815 | D:6      | Reached skill level 9 in Maces & Flails
   838 | D:6      | Mangled by a goliath beetle

Action                   |  1- 3 |  4- 6 |  7- 9 || total
-------------------------+-------+-------+-------++-------
Melee: Mace              |    15 |    13 |       ||    28
       Morningstar       |       |    57 |    18 ||    75
Invok: Berserk           |     1 |     5 |     1 ||     7
Evoke: Wand              |       |     1 |       ||     1
  Use: Potion            |       |       |     2 ||     2
